 Dungeon Crawl Stone Soup version 0.23.1 (webtiles) character file.

Game seed: 6490144200050822214

161 Borgoz the Shield-Bearer (level 5, -1/33 HPs)
             Began as a Gargoyle Fighter on Mar 9, 2019.
             Killed from afar by an orc wizard (7 damage)
             ... with a puff of frost
             ... on level 3 of the Dungeon.
             The game lasted 00:02:43 (1367 turns).

Borgoz the Shield-Bearer (Gargoyle Fighter)         Turns: 1367, Time: 00:02:43

Health: -1/33      AC: 15    Str: 20    XL:     5   Next: 42%
Magic:  5/5        EV:  7    Int:  8    God:
Gold:   182        SH:  9    Dex: 10    Spells: 4/4 levels left

rFire    . . .     SeeInvis .   a - +0 flail
rCold    . . .     Gourm    .   c - +0 shield
rNeg     + + .     Faith    .   b - +0 scale mail
rPois    ∞         Spirit   .   (no helmet)
rElec    +         Reflect  .   (no cloak)
rCorr    .         Harm     .   q - +2 pair of gloves
MR       .....                  o - +0 pair of boots
Stlth    ..........             (no amulet)
HPRegen  0.11/turn              h - ring of positive energy
MPRegen  0.09/turn              (no ring)

@: no status effects
A: negative energy resistance 1, electricity resistance, unbreathing,
petrification resistance, rot immunity, AC +4
a: no special abilities


You were on level 3 of the Dungeon.
You were not hungry.

You visited 1 branch of the dungeon, and saw 3 of its levels.

You collected 182 gold pieces.

Inventory:

Hand Weapons
 a - a +0 flail (weapon)
Missiles
 m - 4 curare-tipped needles
 s - 5 needles of confusion
Armour
 b - a +0 scale mail (worn)
 c - a +0 shield (worn)
 o - a +0 pair of boots (worn)
 q - a +2 pair of gloves (worn)
Jewellery
 h - a ring of positive energy (left hand)
Wands
 p - a wand of flame (17)
Scrolls
 e - a scroll of amnesia {unknown}
 g - a scroll of immolation {unknown}
 i - a scroll of teleportation {unknown}
 j - a scroll of blinking {unknown}
 l - 3 scrolls of identify {unknown}
 u - a scroll of enchant armour {unknown}
Potions
 d - a potion of heal wounds {unknown}
 k - a potion of curing {unknown}
 n - a potion of mutation {unknown}
 r - a potion of haste {unknown}
Comestibles
 f - 7 rations
 t - 2 chunks of flesh


   Skills:
 + Level 3.9 Fighting
 + Level 3.0 Maces & Flails
 + Level 4.0 Armour
 + Level 0.4 Dodging
 + Level 4.9 Shields


You had 4 spell levels left.
You didn't know any spells.
Your spell library was empty.

Dungeon Overview and Level Annotations

Branches:
Dungeon (3/15)

Altars:
Kikubaaqudgha
Nemelex Xobeh


Innate Abilities, Weirdness & Mutations

You are resistant to torment.
Your stone body is resilient. (AC +4)
You are immune to poison.
You resist negative energy. (rN+)
You are resistant to electric shocks. (rElec)
You can survive without breathing.
You are immune to petrification.
You are immune to rotting.


Message History

You hit the orc.
The orc is severely wounded.
You block the bat's attack.
The orc hits you with a +2 flail of holy wrath.
* * * LOW HITPOINT WARNING * * *
The orc wizard gestures at you while chanting.
The puff of frost misses you. The orc hits you but does no damage.
You block the orc wizard's attack. The orc hits you but does no damage.
You sock the orc!
You kill the orc!
The bat hits you but does no damage. x2
The orc wizard hits you but does no damage.
You block the orc's attack.
The orc wizard hits you but does no damage.
You sock the orc wizard!
The orc wizard is heavily wounded.
You block the bat's attack. You block the orc's attack.
The orc wizard points at you and mumbles some strange words.
The puff of frost hits you!
You die...

............##.##.
......(........... )..
...............# ....
...............#####....
..........).............
..............?.........
..................b.....
........................
................@o......
................)o......
........................
........................
...(...................$
........................
....[.....†...†.........
..............[.........
##.......#'''#........


You could see an orc wizard, an orc and a bat.

Vanquished Creatures
  A worker ant (D:3)
  A gnoll (D:1)
  5 adders
  2 oozes
  3 worms
  3 dart slugs
  2 leopard geckos (D:1)
  4 orcs (D:3)
  4 bats
  2 giant cockroaches
  9 goblins
  6 hobgoblins
  A ball python (D:3)
  5 frilled lizards
  5 kobolds
  4 rats
57 creatures vanquished.

Notes
Turn   | Place    | Note
-------+----------+-------------------------------------------
     0 | D:1      | Borgoz the Gargoyle Fighter began the quest for the Orb.
     0 | D:1      | Reached XP level 1. HP: 14/14 MP: 1/1
    85 | D:1      | Reached XP level 2. HP: 17/19 MP: 2/2
   173 | D:1      | Reached XP level 3. HP: 23/23 MP: 3/3
   659 | D:2      | Reached XP level 4. HP: 29/29 MP: 4/4
   895 | D:2      | Found a sparkling altar of Nemelex Xobeh.
  1232 | D:3      | Reached XP level 5. HP: 26/33 MP: 5/5
  1338 | D:3      | Found an ancient bone altar of Kikubaaqudgha.
  1367 | D:3      | Killed from afar by an orc wizard

Skill      XL: |  1  2  3  4  5 |
---------------+----------------+-----
Shields        | 4 |  4.9
Armour         | 4 |  4.0
Maces & Flails | 3 |  3.0
Fighting       | |  3.9
Dodging        | |  0.4

Action                   |  1- 3 |  4- 6 || total
-------------------------+-------+-------++-------
Melee: Flail             |    87 |   132 ||   219
  Use: Potion            |     1 |       ||     1
  Eat: Chunk             |       |     2 ||     2
Armor: Scale mail        |    53 |   108 ||   161
Dodge: Dodged            |    40 |    37 ||    77
Block: Shield            |    66 |   102 ||   168
